 Dungeon Crawl Stone Soup version 0.26.0-10-g1f06aea511 (webtiles) character file.

Game seed: 16403567419001511963

45 Dracia the Ducker (level 3, 0/28 HPs)
             Began as a Demonspawn Gladiator on Jan 23, 2021.
             Succumbed to an adder's poison
             ... on level 2 of the Dungeon.
             The game lasted 00:02:38 (1542 turns).

Dracia the Ducker (Demonspawn Gladiator)            Turns: 1542, Time: 00:02:39

Health: 0/28       AC:  3    Str: 15    XL:     3   Next: 42%
Magic:  3/3        EV: 13    Int:  9    God:
Gold:   49         SH:  0    Dex: 14    Spells: 2/2 levels left

rFire    + . .     SeeInvis .     - Unarmed
rCold    x . .     Faith    .   (no shield)
rNeg     . . .     Spirit   .   b - +0 leather armour
rPois    .         Reflect  .   (helmet restricted)
rElec    .         Harm     .   (no cloak)
rCorr    .         Rampage  .   (no gloves)
Will     .....                  (no boots)
Stlth    +.........             (no amulet)
HPRegen  0.09/turn              F - ring of fire
MPRegen  0.08/turn              (no ring)

@: brilliant, lethally poisoned (0 -> -9), attractive
A: horns 1
a: no special abilities


You were on level 2 of the Dungeon.
You visited 1 branch of the dungeon, and saw 2 of its levels.

You collected 49 gold pieces.


Innate Abilities, Weirdness & Mutations

You have a pair of small horns on your head.


   Skills:
 + Level 2.8 Fighting
 - Level 2.6 Staves
 - Level 1.7 Throwing
 - Level 0.5 Armour
 - Level 2.8 Dodging
 * Level 1.6 Unarmed Combat


You had 2 spell levels left.
You didn't know any spells.
Your spell library was empty.

Inventory:

Missiles
 d - 3 throwing nets (quivered) {=f=f}
Armour
 b - a +0 leather armour (worn)
 c - a +0 helmet
Jewellery
 F - a ring of fire (left hand)
Scrolls
 a - a scroll of enchant armour {unknown}
 e - 2 scrolls of fear {unknown}
 f - 4 scrolls of identify {unknown}
 g - a scroll of fog {unknown}

Dungeon Overview and Level Annotations

Branches:
Dungeon (2/15)

Altars:

##...♣._.♣..#
###..♣.♣..##
#...♣....#
#....(...#
##.###...# #..#
.. #.####...
#.#####........
#....@.........
........#........
#######.######...
#.# .. #.# . #.#
#.# #.#


There were no monsters in sight!


Message History

You closely miss the adder.
The adder is severely wounded.
* * * LOW HITPOINT WARNING * * *
You feel sick. The adder bites you.
* * * LOW HITPOINT WARNING * * *
Unknown command.
It was a potion of brilliance.
You feel clever all of a sudden.
* * * LOW HITPOINT WARNING * * *
You feel sick. The adder bites you but does no damage.
It was a potion of attraction.
You feel attractive to monsters.
* * * LOW HITPOINT WARNING * * *
You feel sick. The adder bites you but does no damage.
The adder barely misses you.
Unknown command.
You hit the adder but do no damage.
The adder is severely wounded.
* * * LOW HITPOINT WARNING * * *
You feel sick. The adder closely misses you.
You hit the adder.
You kill the adder!
* * * LOW HITPOINT WARNING * * *
You feel sick.
* * * LOW HITPOINT WARNING * * *
You feel sick.
Unknown command.
* * * LOW HITPOINT WARNING * * *
You feel sick.
You die...

Skill      XL: |  1  2 |
---------------+-------+-----
Unarmed Combat | 1 |  1.6
Fighting       | |  2.8
Staves         | |  2.6
Throwing       | |  1.7
Armour         | |  0.5
Dodging        | |  2.8

Action                   || total
-------------------------++-------
Melee: Quarterstaff      ||    34
       Unarmed           ||    84
       Headbutt          ||    17
  Use: Potion            ||     2
 Stab: Sleeping          ||     1
Armor: Leather armour    ||    44
Dodge: Dodged            ||    95

Levels and vault maps discovered:
D:1:      dpeg_arrival_tiny_j, layout_loops_cross, minmay_misc_feat_iff,
          st_stairs_11
D:2:      layout_loops_cross, chequers_ecumenical_altar_simple_redux,
          minmay_domino_4, uniq_sigmund

Notes
Turn   | Place    | Note
-------+----------+-------------------------------------------
     0 | D:1      | Dracia the Demonspawn Gladiator began the quest for the
                  | Orb.
     0 | D:1      | Reached XP level 1. HP: 16/16 MP: 1/1
   345 | D:1      | You feel monstrous as your demonic heritage exerts itself.
   345 | D:1      | Gained mutation: You have a pair of small horns on your
                  | head. [demonic ancestry]
   345 | D:1      | Reached XP level 2. HP: 18/23 MP: 2/2
   741 | D:1      | Reached skill level 1 in Unarmed Combat
   964 | D:1      | Reached XP level 3. HP: 15/28 MP: 3/3
  1511 | D:2      | Found a faded altar of an unknown god.
  1540 | D:2      | HP: 2/28 [poisoned by an adder]
  1542 | D:2      | Succumbed to an adder's poison

Vanquished Creatures
  An adder (D:2)
  4 leopard geckos (D:1)
  3 giant cockroaches (D:1)
  6 goblins (D:1)
  4 hobgoblins (D:1)
  5 bats
  5 kobolds (D:1)
  2 rats (D:1)
30 creatures vanquished.

Table legend: (Time is in decaauts)
 A = Elapsed time spent in this place.
 B = Non-inter-level travel time spent in this place.
 C = Inter-level travel time spent in this place.
 D = Time resting spent in this place.
 E = Time spent auto-exploring this place.
 F = Levels seen in this place.
 G = Mean time per level.
                   A        B        C        D        E       F      G
               +--------+--------+--------+--------+--------+-----+--------+
         Total |   1546 |   1509 |     37 |      0 |   1298 |   2 |  773.0 |
       Dungeon |   1546 |   1509 |     37 |      0 |   1298 |   2 |  773.0 |
               +--------+--------+--------+--------+--------+-----+--------+

Top non-repeatable levels by time:
     D:1: 1515 daAuts
     D:2: 30 daAuts

Table legend:
 A = Non-vault XP
 B = Vault XP
 C = Vault XP percentage of total XP
 D = Non-vault monster count
 E = Vault monster count
 F = Vault count percentage of total count
                 A         B        C        D         E       F
            +---------+---------+-------+---------+---------+-------
      Total |      60 |       5 |   7.7 |      27 |       3 |  10.0
            +---------+---------+-------+---------+---------+-------
        D:1 |      46 |       5 |   9.8 |      25 |       3 |  10.7
        D:2 |      14 |       0 |   0.0 |       2 |       0 |   0.0
            +---------+---------+-------+---------+---------+-------
